 Dungeon Crawl Stone Soup version 0.20-a0-766-g52e1353 (webtiles) character file.

70 Dolanko the Ruffian (level 4, -11/40 HPs)
             Began as a Ghoul Monk on Feb 26, 2017.
             Mangled by an ogre
             ... wielding a +0 giant club
              (19 damage)
             ... on level 2 of the Dungeon.
             The game lasted 00:02:56 (1578 turns).

Dolanko the Ruffian (Ghoul Monk)                    Turns: 1578, Time: 00:02:57

Health: -11/40     AC:  8    Str: 15    XL:     4   Next: 21%
Magic:  3/3        EV:  7    Int:  5    God:
Gold:   78         SH:  0    Dex: 11    Spells: 3/3 levels left

rFire    . . .     SeeInvis .     - Unarmed
rCold    + . .     Gourm    .   i - +0 chain mail
rNeg     + + +     Faith    .   (no shield)
rPois    ∞         Spirit   .   (no helmet)
rElec    .         Reflect  .   (no cloak)
rCorr    .         Harm     .   (no gloves)
MR       .....                  (no boots)
Stlth    ..........             (no amulet)
Regen    0.0/turn               (no ring)
MPRegen  0.1/turn               (no ring)

@: rotting
A: rotting body, claws 1, carnivore 3, cold resistance 1, negative energy
resistance 3, inhibited regeneration, torment resistance, unbreathing
a: no special abilities


You were on level 2 of the Dungeon.
You were not hungry.

You visited 1 branch of the dungeon, and saw 3 of its levels.

You collected 78 gold pieces.

Inventory:

Missiles
 f - 8 javelins (quivered)
Armour
 i - a +0 chain mail (worn)
Scrolls
 c - a scroll of immolation {unknown}
 d - a scroll of enchant armour {unknown}
 e - 2 scrolls of enchant weapon {unknown}
 h - a scroll of amnesia {unknown}
 k - a scroll of identify {unknown}
 m - a scroll of magic mapping {unknown}
Potions
 g - a potion of curing {unknown}
 j - 3 potions of agility {unknown}
 l - a potion of heal wounds {unknown}
Comestibles
 b - 2 meat rations


   Skills:
 + Level 3.8 Fighting
 + Level 1.5 Armour
 - Level 2.6 Dodging
 - Level 2.1 Stealth
 * Level 4.4 Unarmed Combat


You had 3 spell levels left.
You didn't know any spells.

Dungeon Overview and Level Annotations

Branches:
Dungeon (3/15)

Altars:
Ru


Innate Abilities, Weirdness & Mutations

Your body is rotting away.
You thrive on raw meat.
You are immune to poison.
You have sharp fingernails.
You are carnivorous and can eat meat at any time.
Your flesh is cold resistant. (rC+)
You are immune to negative energy. (rN+++)
You do not regenerate when monsters are visible.
You are immune to unholy pain and torment.
You can survive without breathing.


Message History

The ogre completely misses you.
You barely miss the ogre.
The ogre is lightly wounded.
The adder completely misses you. The adder barely misses you.
You claw the ogre!
The ogre is heavily wounded.
The ogre hits you with a giant club!
* * * LOW HITPOINT WARNING * * *
The adder bites you but does no damage.
There is a stone staircase leading up here.
The adder bites you but does no damage. The ogre completely misses you.
You climb upwards.
There is a stone staircase leading down here.
You claw the ogre!
The ogre is severely wounded.
The adder bites you but does no damage. x2
You scratch the ogre.
The ogre is almost dead.
The ogre hits you with a giant club!!
You die...

##########.####### #....
#.......##.# #.###
#####....##.##.# #.# #
#......#.##.##.#########.###
#.###.........)............. #.#
#.#####......#######.##. ##.###.#
#.#...## #.##. #
#.<.##.#####S##.## #.##.
#####..........O@##.# #....
≈..≈....####.######.# ####.
..≈≈≈≈######.### ##+## #> ≈≈≈≈.≈#
#......###...## #####) ≈≈≈≈..#
#.##.#.##.....## #.....
≈≈≈≈.≈###.##.#.#.......## #..##.
♣≈≈≈.......#.#..........####...#.
♣≈≈≈.≈..................'........
≈≈≈≈≈......###..........####.....


You could see an ogre and an adder.

Vanquished Creatures
  3 adders
  A worm (D:2)
  2 dart slugs
  A leopard gecko (D:2)
  A ball python (D:1)
  A bat (D:1)
  3 giant cockroaches
  5 goblins
  3 hobgoblins
  A quokka (D:2)
  2 frilled lizards (D:2)
  3 kobolds (D:1)
  11 rats
37 creatures vanquished.

Notes
Turn   | Place    | Note
-------+----------+-------------------------------------------
     0 | D:1      | Dolanko the Ghoul Monk began the quest for the Orb.
     0 | D:1      | Reached XP level 1. HP: 19/19 MP: 0/0
   325 | D:1      | Reached XP level 2. HP: 26/26 MP: 1/1
   831 | D:2      | Reached skill level 1 in Armour
   893 | D:2      | Reached XP level 3. HP: 31/31 MP: 2/2
  1038 | D:2      | Found a sacrificial altar of Ru.
  1232 | D:2      | Reached skill level 4 in Unarmed Combat
  1255 | D:2      | Found a faded altar of an unknown god.
  1320 | D:2      | Reached XP level 4. HP: 18/40 MP: 3/3
  1565 | D:3      | Noticed an ogre
  1578 | D:2      | Mangled by an ogre

Vault maps used:
D:1:      lemuel_arrival_river_ford
D:2:      chequers_ecumenical_altar_island, moated_statue, minmay_misc_feat_chi,
          nicolae_ru_awakened_eye
D:3:      lemuel_round_altar, led_sif_pool,
          nicolae_dithmenos_through_a_glass_darkly, first_bread

Skill      XL: |  1  2  3 |
---------------+----------+-----
Armour         | 1 |  1.5
Unarmed Combat | 4 |  4.4
Fighting       | |  3.8
Dodging        | |  2.6
Stealth        | |  2.1

Action                   |  1- 3 |  4- 6 || total
-------------------------+-------+-------++-------
Melee: Unarmed           |   104 |    15 ||   119
       Punch             |     1 |       ||     1
 Stab: Sleeping          |     2 |       ||     2
  Eat: Chunk             |     4 |     4 ||     8
Armor: Leather armour    |     5 |       ||     5
       Chain mail        |    27 |     7 ||    34
Dodge: Dodged            |    45 |     5 ||    50
